cohdb
Replays
Latest Replays
All Replays
Popular Replays
Top Player Replays
Match Explorer
How It Works
Community
CoH3 Stats
Reddit
Sign in to upload your games and track your stats! →
Sign in with Steam
Match 38936651
Unlisted
Match 38936651
Overview
Messages
Build Orders
End
Kettenkrad Recon Vehicle
Construct Infanterie Kompanie
MG 42 Machine Gun Team
Grenadier Squad
Selects Breakthrough Battlegroup
Selects Assault Grenadiers
Grenadier Squad
Medical Station
GrW 34 Mortar Team
Construct Luftwaffe Kompanie
Jäger Squad
Selects Breakthrough
Selects Incendiary Bombing Run
Support Elements
Wirbelwind Flakpanzer
Jäger Squad
MG 42 Machine Gun Team
Construct Panzergrenadier Kompanie
Panzergrenadier Squad
Construct Panzer Kompanie
Le Roi
WadoVice
0
0
Comments
sign in to comment!
No comments posted yet!